 Dungeon Crawl Stone Soup version 0.28-a0-998-gb9e9c7b67e (webtiles) character file.

Game seed: 1858763596293840198

6 BinkBink the Insei (level 1, -10/9 HPs)
             Began as a Vine Stalker Transmuter on Dec 6, 2021.
             Mangled by a gnoll (11 damage)
             ... on level 1 of the Dungeon.
             The game lasted 00:00:56 (380 turns).

BinkBink the Insei (Vine Stalker Transmuter)         Turns: 380, Time: 00:00:58

Health: -10/9      AC:  2    Str: 12    XL:     1   Next: 90%
Magic:  0/4        EV: 11    Int: 13    God:
Gold:   40         SH:  3    Dex: 14    Spells: 3/4 levels left

rFire   . . .      SeeInvis .     - Unarmed
rCold   . . .      Faith    .   d - +0 buckler
rNeg    . . .      Spirit   +   a - +0 robe
rPois   .          Reflect  .   (helmet currently unavailable)
rElec   .          Harm     .   (no cloak)
rCorr   .          Rampage  .   (no gloves)
Will    .....                   (boots currently unavailable)
Stlth   +.........              (no amulet)
HPRegen 0.03/turn               (no ring)
MPRegen 0.09/turn               (no ring)

@: appendages (expiring)
A: horns 2, talons 2, fangs 2, magic shield, antimagic bite, no potion heal 2
a: End Transformation


You were on level 1 of the Dungeon.
You had temporarily grown beastly horns and talons.
You visited 1 branch of the dungeon, and saw 1 of its levels.

You collected 40 gold pieces.

Inventory:

Armour
 a - a +0 robe (worn)
 d - a +0 buckler (worn)
Scrolls
 c - a scroll of identify {unknown}
Potions
 b - a potion of cancellation {unknown}


   Skills:
 + Level 0.8 Fighting
 + Level 1.7 Dodging
 + Level 3.0 Unarmed Combat
 + Level 2.3 Spellcasting
 + Level 2.1 Transmutations


You had 3 spell levels left.
You knew the following spells:

 Your Spells              Type           Power      Damage    Failure   Level
a - Beastly Appendage     Tmut           14%        N/A       17%         1

Your spell library contained the following spells:

 Spells                   Type           Power      Damage    Failure   Level
 Wereblood                Tmut           7%         N/A       26%         2
 Spider Form              Tmut/Pois      4%         N/A       63%         3
 Ice Form                 Ice/Tmut       4%         N/A       95%         4


Dungeon Overview and Level Annotations

Branches:
Dungeon (1/15)

Altars:


Innate Abilities, Weirdness & Mutations

You have temporarily grown beastly horns and talons.
You have extremely sharp teeth.
When hurt, damage is shared between your health and your magic reserves.
Your bite disrupts and absorbs the magic of your enemies.
Potions cannot restore your health.


Message History

You see here a +0 pair of boots.
There is a shaft here.
Found 12 stones.
Found a stone staircase leading down.
There is a stone staircase leading down here.
You see here 12 stones.
Found a thin smoking staff.
You now have 40 gold pieces (gained 15).
A rat comes into view.
The rat moves out of view.
A rat is nearby!
You grow a pair of large bovine horns.
Your feet morph into talons.
The rat bites you.
You barely miss the rat. You claw the rat, but do no damage.
You headbutt the rat.
You kill the rat!
No target in view!
Your transformation is almost over.
Your horns disappear.
Your talons disappear.
HP restored.
A gnoll comes into view. It is wielding a +0 flail.
A gnoll is nearby!
A gnoll is nearby!
You grow a pair of large bovine horns.
Your feet morph into talons.
You barely miss the gnoll. The gnoll hits you with a +0 flail!
Ouch! That really hurt!
* * * LOW HITPOINT WARNING * * *
You are too injured to fight recklessly!
You are too injured to fight recklessly!
You are too injured to fight recklessly!
You are too injured to fight recklessly!
You are too injured to fight recklessly!
You are too injured to fight recklessly!
You are too injured to fight recklessly!
You hit the gnoll. You bite the gnoll. You drain its power.
You feel invigorated.
The gnoll is moderately wounded.
Your transformation is almost over.
The gnoll hits you with a +0 flail!
Ouch! That really hurt!
You die...

#.# ## #.# .
####.###.#
#.......#.#
#.#.......
##.#.#.#.#####.#
#....#.........#
###....#...@g....#
##.......#..#######
#........#..#
#........#..#
#.##....##..#
#.#.....##..#
#.#.######..# #
####.#.###.....# #
#..........#. #


You could see a gnoll.

Vanquished Creatures
  An endoplasm (D:1)
  3 bats (D:1)
  2 rats (D:1)
6 creatures vanquished.

Notes
Turn   | Place    | Note
-------+----------+-------------------------------------------
     0 | D:1      | BinkBink the Vine Stalker Transmuter began the quest for
                  | the Orb.
     0 | D:1      | Reached XP level 1. HP: 9/9 MP: 4/4
   380 | D:1      | Mangled by a gnoll

Illustrated notes

Levels and vault maps discovered:
D:1:      kennysheep_arrival_seaside, layout_loops_ring

Action                   || total
-------------------------++-------
Melee: Unarmed           ||    13
       Bite              ||     2
       Kick              ||     1
       Headbutt          ||     1
 Cast: Beastly Appendage ||     4
 Stab: Sleeping          ||     1
Armor: Robe              ||     3
Dodge: Dodged            ||     9

Table legend: (Time is in decaauts)
 A = Elapsed time spent in this place.
 B = Non-inter-level travel time spent in this place.
 C = Inter-level travel time spent in this place.
 D = Time resting spent in this place.
 E = Time spent auto-exploring this place.
 F = Levels seen in this place.
 G = Mean time per level.
                   A        B        C        D        E       F      G
               +--------+--------+--------+--------+--------+-----+--------+
         Total |    379 |    379 |      0 |      0 |    327 |   1 |  379.0 |
       Dungeon |    379 |    379 |      0 |      0 |    327 |   1 |  379.0 |
               +--------+--------+--------+--------+--------+-----+--------+

Top non-repeatable levels by time:
     D:1: 379 daAuts
